AoeStats
← [NICE_ASS] BigMasi

Pilgrims

509954974Analyzed
4v4 RM · 3d ago on Sep 28, 2026· 83m 42s· 8 players
Game mode
Random Map
Map size
Large (8 player)
Population
200
Speed
Normal
Resources
Standard
Victory
Conquest
Starting age
Dark Age
Ending age
Imperial Age
RankedLock teamsTeams togetherTeam positionsShared explorationLock speedFull tech treeHidden civsTurbo modeCheats
Victory
Defeat
🇮🇹 Aztecs · Italy
1176
+18
🇺🇸 Vietnamese · United States
1164
+19
🇪🇸 Italians · Spain
1156
+19
🇺🇸 Spanish · United States
1134
+20
🇨🇭 Danes · Switzerland
1357
-25
🇨🇭 Varangians · Switzerland
1205
-18
🇨🇭 Persians · Switzerland
1180
-17
🇨🇭 Mapuche · Switzerland
1141
-16
BlackIrelia
9:35 Loom
11:33 Feudal Age
12:49 Double-Bit Axe
12:57 Gold Mining
14:42 Fishing Lines
15:42 Wheelbarrow
20:42 Castle Age
20:13 Forging
20:04 Scale Mail Armor
21:03 Town Watch
21:38 Medium Warships
21:23 Gillnets
24:48 Fletching
24:58 Padded Archer Armor
29:21 Leather Archer Armor
32:51 Bodkin Arrow
50:46 Bow Saw
54:39 Pikeman
56:45 Hand Cart
66:40 Imperial Age
68:01 Paper Money
68:23 Chain Mail Armor
68:47 Bracer
69:06 Squires
70:35 Plate Mail Armor
70:50 Heavy Warships
72:24 Elite Fire Lancer
80:56 Iron Casting
80:25 Caravan
82:01 Bloodlines
81:52 Husbandry
82:47 Chatras
Enrique
4:02 Loom
12:12 Feudal Age
13:09 Town Watch
13:21 Double-Bit Axe
16:07 Castle Age
14:23 Horse Collar
16:19 Wheelbarrow
15:42 Fishing Lines
16:58 Fletching
17:08 Padded Archer Armor
20:42 Bodkin Arrow
25:11 Hand Cart
27:11 Ballistics
27:22 Leather Archer Armor
33:31 Imperial Age
31:20 Fortified Wall
31:21 Careening
31:15 Murder Holes
35:12 Chemistry
34:26 Bracer
34:56 Ring Archer Armor
34:10 Treadmill Crane
35:54 Bow Saw
35:48 Heavy Plow
36:09 Guilds
36:31 Arrowslits
37:35 Masonry
37:43 Forging
37:33 Scale Mail Armor
38:41 Conscription
38:53 Thumb Ring
42:17 Pirotechnia
44:14 Elite Genoese Crossbowman
45:25 Town Patrol
46:35 Chain Mail Armor
46:55 Iron Casting
48:47 Hoardings
49:05 Squires
48:50 Arson
50:18 Pikeman
51:30 Heated Shot
52:10 Architecture
53:02 Plate Mail Armor
55:45 Caravan
56:16 Silk Road
56:24 Light Cavalry
57:04 Husbandry
57:25 Bloodlines
57:22 Scale Barding Armor
57:40 Hussar
58:52 Chain Barding Armor
66:33 Elite Skirmisher
69:52 Coinage
71:15 Imperial Skirmisher
74:41 Blast Furnace
74:24 Plate Barding Armor
74:30 Careening
74:33 Clinker Construction
77:41 Dry Dock
77:42 Carvel Hull
77:46 Shipwright
77:33 Siphons
77:51 Bombard Tower
81:28 Incendiaries
81:36 Incendiaries
81:17 Guard Tower
82:25 Medium Warships
82:40 Elite Cannon Galleon
83:27 Gillnets
Galadh
3:41 Loom
13:01 Feudal Age
14:32 Double-Bit Axe
17:21 Castle Age
16:28 Gold Mining
17:00 Fishing Lines
18:41 Fletching
19:27 Bow Saw
21:05 Sanctity
21:32 Gillnets
21:09 Demolition Ship
22:56 Medium Warships
27:38 Wheelbarrow
27:01 Town Watch
37:52 Ballistics
49:48 Murder Holes
53:55 Imperial Age
55:38 Fortified Wall
57:58 Hand Cart
58:05 Scale Mail Armor
58:16 Forging
61:13 Chain Mail Armor
62:28 Plate Mail Armor
65:01 Iron Casting
64:27 Horse Collar
65:30 Arson
66:18 Heavy Plow
67:41 Crop Rotation
67:28 Squires
67:59 Conscription
70:11 Blast Furnace
71:32 Elite Jaguar Warrior
74:14 Caravan
77:23 Garland Wars
81:29 Atlatl
Empire
5:25 Loom
10:21 Feudal Age
12:36 Fishing Lines
15:46 Castle Age
16:41 Fletching
16:59 Scale Barding Armor
17:35 Medium Warships
18:33 Stone Mining
21:08 Husbandry
21:18 Bloodlines
26:33 Chain Barding Armor
31:58 Stone Shaft Mining
31:15 Gold Mining
31:26 Horse Collar
31:34 Double-Bit Axe
32:49 Wheelbarrow
33:12 Bow Saw
33:03 Heavy Plow
34:01 Bodkin Arrow
35:11 Hand Cart
37:51 Imperial Age
35:38 Hand Cart
38:10 Padded Archer Armor
38:29 Fortified Wall
38:29 Masonry
38:40 Ballistics
38:55 Elite Conquistador
41:12 Leather Archer Armor
40:33 Cavalier
41:47 Conscription
42:31 Ring Archer Armor
42:12 Forging
42:38 Plate Barding Armor
43:18 Architecture
43:49 Chemistry
44:38 Hoardings
45:40 Heavy Warships
45:06 Gillnets
47:05 Iron Casting
46:30 Bracer
47:45 Shipwright
47:36 Careening
47:37 Clinker Construction
48:31 Elite Cannon Galleon
51:00 Blast Furnace
60:38 Guilds
64:58 Light Cavalry
65:43 Hussar
80:33 Bombard Tower
80:09 Murder Holes
80:36 Carvel Hull
juffie
10:12 Loom
12:01 Feudal Age
14:04 Wheelbarrow
14:39 Double-Bit Axe
17:01 Castle Age
16:31 Gold Mining
16:50 Fishing Lines
17:34 Scale Barding Armor
18:03 Bow Saw
18:33 Bloodlines
20:14 Town Watch
24:02 Light Cavalry
24:51 Fletching
26:42 Horse Collar
30:15 Wheelbarrow
29:40 Bodkin Arrow
30:01 Stone Mining
30:47 Padded Archer Armor
30:10 Elite Skirmisher
32:57 Heavy Plow
35:05 Leather Archer Armor
35:50 Hand Cart
39:50 Imperial Age
37:50 Ballistics
38:23 Masonry
38:51 Chain Barding Armor
39:39 Forging
39:31 Husbandry
40:45 Plate Barding Armor
39:31 Cavalier
42:10 Gold Shaft Mining
41:09 Savar
44:02 Thumb Ring
44:33 Ring Archer Armor
45:33 Iron Casting
48:43 Blast Furnace
49:48 Conscription
57:49 Hoardings
60:40 Hussar
71:58 Two-Man Saw
71:33 Crop Rotation
73:02 Chemistry
72:44 Capped Ram
74:01 Architecture
73:28 Murder Holes
[NICE_ASS] BigMasi
8:20 Loom
11:14 Feudal Age
11:46 Double-Bit Axe
17:26 Castle Age
16:27 Gold Mining
16:40 Horse Collar
17:30 Fishing Lines
18:22 Medium Warships
18:40 Bow Saw
18:41 Fishing Lines
21:25 Fletching
28:16 Gillnets
30:52 Scale Mail Armor
32:11 Chain Mail Armor
33:59 Forging
34:35 Wheelbarrow
33:46 Town Watch
36:49 Imperial Age
35:21 Iron Casting
34:34 Hamask
38:07 Wheelbarrow
38:10 Plate Mail Armor
37:30 Capped Ram
40:41 Blast Furnace
40:05 Conscription
39:57 Siege Ram
40:24 Elite Jomsviking
43:36 Onager
45:01 Hoardings
45:30 Northmen's Fury
45:51 Siege Onager
47:53 Siege Engineers
48:49 Chemistry
48:01 Masonry
61:26 Squires
61:11 Gambesons
61:12 Arson
60:47 Elite Varangian Guard
65:40 Hand Cart
65:25 Town Patrol
65:33 Caravan
68:26 Pikeman
69:26 Halberdier
hanibalX
5:29 Loom
13:56 Feudal Age
14:29 Double-Bit Axe
14:43 Fishing Lines
18:34 Castle Age
17:58 Fletching
18:23 Forging
18:20 Scale Barding Armor
19:29 Bow Saw
19:16 Bodkin Arrow
19:49 Husbandry
20:00 Bloodlines
20:19 Gillnets
21:24 Wheelbarrow
23:10 Ballistics
24:36 Padded Archer Armor
31:42 Light Cavalry
39:34 Gold Mining
49:55 Careening
49:56 Clinker Construction
51:57 Siphons
52:02 Town Watch
52:26 Horse Collar
55:36 Imperial Age
54:38 Medium Warships
56:49 Heavy Warships
59:02 Two-Man Saw
58:34 Light Cavalry
60:38 Heavy Plow
61:04 Hand Cart
65:46 Elite Longship
66:55 Caravan
70:47 Conscription
70:30 Town Patrol
76:18 Shipwright
76:32 Hussar
77:43 Carvel Hull
78:31 Chemistry
78:12 Guilds
78:47 Crop Rotation
[UKB] Vincent Giovanni
8:32 Loom
12:21 Feudal Age
11:20 Loom
14:22 Double-Bit Axe
14:56 Horse Collar
17:23 Castle Age
17:35 Gold Mining
18:56 Wheelbarrow
18:37 Heavy Plow
18:41 Fletching
19:37 Bow Saw
20:20 Stone Mining
21:35 Fletching
21:36 Fishing Lines
22:58 Hand Cart
24:01 Town Watch
24:55 Bodkin Arrow
26:40 Ballistics
27:35 Padded Archer Armor
29:26 Leather Archer Armor
32:08 Gold Shaft Mining
34:06 Imperial Age
33:19 Elite Skirmisher
35:32 Crop Rotation
35:55 Conscription
36:05 Conscription
37:05 Ring Archer Armor
36:41 Pikeman
39:40 Malon
41:21 Chemistry
40:28 Siege Engineers
42:48 Gillnets
44:18 Coinage
46:14 Butalmapu
47:04 Champi Runner
47:47 Scale Mail Armor
47:57 Forging
47:41 Champi Warrior
48:50 Chain Mail Armor
48:38 Elite Champi Warrior
51:08 Plate Mail Armor
51:14 Iron Casting
52:46 Elite Bolas Rider
70:50 Caravan
74:41 Halberdier
Connection lost

Rejoining the realm…

Still unreachable

The connection could not be restored.

Session expired

The server has moved on; the page needs a fresh start.